 Dungeon Crawl Stone Soup version 0.29.0-4-gdea44cf6ec (webtiles) character file.

Game seed: 13464517331880274802

1260 qw the Chopper (level 8, 0/49 HPs)
             Began as a Gargoyle Berserker on Sept 8, 2022.
             Was a Priest of Trog.
             Slain by a rat (2 damage)
             ... on level 5 of the Dungeon.
             The game lasted 00:02:06 (5514 turns).

qw the Chopper (Gargoyle Berserker)                 Turns: 5514, Time: 00:02:06

Health: 0/49       AC: 15    Str: 23    XL:     8   Next: 52%
Magic:  8/8        EV:  6    Int:  8    God:    Trog [***...]
Gold:   176        SH:  9    Dex:  9    Spells: 7/7 levels left

rFire   . . .      SeeInvis .   m - +0 war axe
rCold   . . .      Faith    .   c - +0 kite shield
rNeg    + . .      Spirit   .   j - +0 chain mail
rPois   inf        Reflect  .   b - +0 helmet
rElec   +          Harm     .   (no cloak)
rCorr   .          Rampage  .   (no gloves)
Will    .....                   (no boots)
Stlth   ..........              (no amulet)
HPRegen 0.16/turn               (no ring)
MPRegen 0.11/turn               (no ring)

@: about to teleport, on berserk cooldown, slowed, very slow
A: sickness immunity, AC +5, negative energy resistance 1, electricity
resistance, torment resistance 1, petrification resistance
a: Renounce Religion, Berserk, Trog's Hand


You were on level 5 of the Dungeon.
You worshipped Trog.
Trog was most pleased with you.
You visited 1 branch of the dungeon, and saw 5 of its levels.

You collected 176 gold pieces.


Innate Abilities, Weirdness & Mutations

You are immune to sickness and miasma.
Your stone body is resilient. (AC +5)
You are immune to poison.
You resist negative energy. (rN+)
You are resistant to electric shocks. (rElec)
You are resistant to unholy torment.
You are immune to petrification.


   Skills:
 - Level 5.0 Fighting
 - Level 7.0 Axes
 - Level 0.1 Throwing
 - Level 3.0 Armour
 - Level 1.5 Dodging
 + Level 6.3 Shields


You had 7 spell levels left.
You didn't know any spells.
Your spell library was empty.

Inventory:

Hand Weapons
 f - a +0 morningstar
 m - a +0 war axe (weapon)
Armour
 b - a +0 helmet (worn)
 c - a +0 kite shield (worn)
 j - a +0 chain mail (worn)
Jewellery
 q - a ring of flight
Scrolls
 a - 3 scrolls of identify
 p - a scroll of noise {unknown}
Potions
 d - a potion of cancellation
 e - a potion of ambrosia {unknown}
 g - a potion of curing
 h - a potion of mutation {unknown}
 i - a potion of heal wounds {unknown}
 k - a potion of degeneration {unknown}
 l - 2 potions of attraction {unknown}
 n - a potion of might

Dungeon Overview and Level Annotations

Branches:
Dungeon (5/15)             Temple (0/1) D:5

Altars:
Ashenzari
Gozag

Shops:
D:2 [

Annotations:
D:3 3 runed translucent doors, qw's ghost, amateur MiFi


Message History

You barely miss the iguana. You block the ufetubus's attack. x2
The iguana bites you but does no damage.
You barely miss the ufetubus.
The ufetubus is heavily wounded.
You barely miss the iguana.
The ufetubus hits you but does no damage. x2
The ufetubus hits you. x2; You block the iguana's attack.
You closely miss the ufetubus.
The ufetubus is heavily wounded.
You slash the iguana!
You kill the iguana!
Trog accepts your kill. You block the ufetubus's attack. x2
You barely miss the ufetubus.
The ufetubus is moderately wounded.
You barely miss the ogre. The ufetubus hits you.
The ufetubus barely misses you.
The ogre hits you with a +0 giant spiked club!!
You slash the ufetubus!
You kill the ufetubus!
Trog accepts your kill.
You slash the ogre! You barely miss the ogre.
The ogre is moderately wounded.
The ogre hits you with a +0 giant spiked club!!
You slash the ogre!
The ogre is almost dead.
You are no longer berserk.
You are exhausted.
You feel yourself slow down.
5513 ||| READING scroll of teleportation.
As you read the scroll of teleportation, it crumbles to dust.
You feel strangely unstable. The ogre barely misses you.
You slash the ogre!
You kill the ogre!
Trog accepts your kill. The rat bites you.
You die...

..##...# #.#.##
#.###### ##.## #.#
#)## ### #.#
####.####.## #.#
..##%.#.#.# #.####
.##.#.##.## .....#
## #.#.#.###.#
#.##.# #.## #....##
#.### #.##.# #@#
##...#.###..%#
..##<#
#r###.#..##.####%#
####.#
#r#..#.##.#.##....
..##.#
#.#.######.##......
.....# [.####
##........ #.######
r... #.........
.......# r..r.
#........# #.######
#.O.( ##.....[.#
#.# #### #########


You could see 2 rats.

Vanquished Creatures
  Grinder (D:5)
  An ice beast (D:5)
  A black bear (D:3)
  3 ogres
  A phantom (D:4)
  2 scorpions (D:5)
  A howler monkey (D:4)
  4 hounds
  An orc priest (D:5)
  2 iguanas (D:5)
  An orc wizard (D:5)
  A gnoll (D:1)
  4 river rats (D:5)
  6 adders
  A shadow imp (D:5)
  An ufetubus (D:5)
  3 worms
  2 dart slugs
  16 orcs
  4 ball pythons
  4 bats
  6 endoplasms
  8 goblins
  12 hobgoblins
  2 jackals (D:5)
  10 quokkas
  A frilled lizard (D:3)
  12 kobolds
  17 rats
128 creatures vanquished.

Notes
Turn   | Place    | Note
-------+----------+-------------------------------------------
     0 | D:1      | qw the Gargoyle Berserker began the quest for the Orb.
     0 | D:1      | Reached XP level 1. HP: 14/14 MP: 1/1
     0 | D:1      | 0 ||| qw: Version: 0.1-a-112-g44dc6cd
     0 | D:1      | 0 ||| qw: Game counter: 6721
     0 | D:1      | 0 ||| qw: Always use a shield: true
     0 | D:1      | 0 ||| qw: Do Orc after D:15 true
     0 | D:1      | 0 ||| qw: Do second Lair branch before Depths: true
     0 | D:1      | 0 ||| qw: Lair rune preference: random
     0 | D:1      | 0 ||| qw: Plans: Normal
     0 | D:1      | 0 ||| PLANNING D:1-11
   129 | D:1      | Reached skill level 3 in Axes
   200 | D:1      | 200 ||| INVOKING Berserk.
   202 | D:1      | Reached XP level 2. HP: 19/19 MP: 2/2
   650 | D:1      | 650 ||| DROPPING +0 whip.
   772 | D:1      | 772 ||| INVOKING Berserk.
   776 | D:1      | Reached XP level 3. HP: 14/23 MP: 3/3
   981 | D:1      | Found a faded altar of an unknown god.
  1044 | D:1      | 1044 ||| UPGRADING to +0 ring mail.
  1054 | D:1      | 1054 ||| DROPPING +0 animal skin.
  1055 | D:1      | 1055 ||| UPGRADING to +0 chain mail.
  1065 | D:1      | 1065 ||| DROPPING +0 ring mail.
  1066 | D:1      | 1066 ||| READING 3 scrolls labelled XELAORPH MUEDDI.
  1067 | D:1      | 1067 ||| READING scroll labelled UMUGGAR FYOREA.
  1068 | D:1      | 1068 ||| READING 2 scrolls of identify.
  1068 | D:1      | 1068 ||| IDENTIFYING clear potion
  1230 | D:2      | 1230 ||| Stepping ~*~*~tactically~*~*~ (stealth).
  1239 | D:2      | 1239 ||| Stepping ~*~*~tactically~*~*~ (stealth).
  1250 | D:2      | 1250 ||| Stepping ~*~*~tactically~*~*~ (stealth).
  1251 | D:2      | 1251 ||| Stepping ~*~*~tactically~*~*~ (stealth).
  1257 | D:2      | Reached skill level 4 in Axes
  1312 | D:2      | 1312 ||| Stepping ~*~*~tactically~*~*~ (stealth).
  1313 | D:2      | 1313 ||| Stepping ~*~*~tactically~*~*~ (stealth).
  1531 | D:2      | 1531 ||| INVOKING Berserk.
  1653 | D:2      | 1653 ||| SWAPPING to +3 hand axe.
  1654 | D:2      | 1654 ||| DROPPING +0 hand axe.
  1714 | D:2      | Found Ceapyng's Antique Armour Shoppe.
  1734 | D:2      | 1734 ||| INVOKING Berserk.
  1846 | D:2      | 1846 ||| SHOPLISTING pair of embroidered gloves (165 gold,
                  | have 84).
  1846 | D:2      | 1846 ||| SHOPLISTING pair of gloves (99 gold, have 84).
  1862 | D:2      | Reached ** piety under Trog
  1863 | D:2      | Reached XP level 4. HP: 28/28 MP: 4/4
  1910 | D:2      | Found the +8 storm bow {elec, penet}
  1988 | D:2      | 1988 ||| READING scroll labelled SATTAM COMUIFEFINN.
  1989 | D:2      | 1989 ||| READING 2 scrolls labelled LOSAYH LOULO.
  1990 | D:2      | 1990 ||| READING scroll of brand weapon.
  1990 | D:2      | 1990 ||| BRANDING +3 hand axe of freezing.
  1991 | D:2      | 1991 ||| READING scroll labelled UNKUBE QIQYNG.
  1992 | D:2      | 1992 ||| READING scroll labelled FEODEU UFIMOSU.
  1997 | D:2      | 1997 ||| READING scroll labelled POEXUDI MEEGOAT.
  1998 | D:2      | 1998 ||| DRINKING 2 amethyst potions.
  1999 | D:2      | 1999 ||| READING 3 scrolls of identify.
  1999 | D:2      | 1999 ||| IDENTIFYING glowing white potion
  2000 | D:2      | 2000 ||| READING 2 scrolls of identify.
  2000 | D:2      | 2000 ||| IDENTIFYING pink potion
  2001 | D:2      | 2001 ||| DROPPING potion of flight.
  2002 | D:2      | 2002 ||| DROPPING potion of brilliance.
  2054 | D:3      | Noticed an ogre
  2059 | D:3      | 2059 ||| INVOKING Berserk.
  2061 | D:3      | Killed an ogre
  2062 | D:3      | Reached skill level 5 in Axes
  2062 | D:3      | Reached XP level 5. HP: 32/32 MP: 5/5
  2253 | D:3      | 2253 ||| Stepping ~*~*~tactically~*~*~ (stealth).
  2297 | D:3      | 2297 ||| Stepping ~*~*~tactically~*~*~ (stealth).
  2302 | D:3      | 2302 ||| Stepping ~*~*~tactically~*~*~ (stealth).
  2303 | D:3      | 2303 ||| Stepping ~*~*~tactically~*~*~ (stealth).
  2304 | D:3      | 2304 ||| Stepping ~*~*~tactically~*~*~ (stealth).
  2305 | D:3      | 2305 ||| Stepping ~*~*~tactically~*~*~ (stealth).
  2306 | D:3      | 2306 ||| Stepping ~*~*~tactically~*~*~ (stealth).
  2307 | D:3      | 2307 ||| Stepping ~*~*~tactically~*~*~ (stealth).
  2330 | D:3      | 2330 ||| DROPPING +0 mace of holy wrath.
  2376 | D:3      | 2376 ||| Stepping ~*~*~tactically~*~*~ (stealth).
  2382 | D:3      | 2382 ||| Stepping ~*~*~tactically~*~*~ (hiding).
  2537 | D:3      | Found an opulent altar of Gozag.
  2584 | D:3      | Found a broken altar of Ashenzari.
  2587 | D:3      | Noticed a black bear
  2589 | D:3      | 2589 ||| INVOKING Berserk.
  2593 | D:3      | Killed a black bear
  2594 | D:3      | Reached skill level 6 in Axes
  2594 | D:3      | Reached XP level 6. HP: 38/38 MP: 6/6
  2733 | D:3      | Found a runed translucent gate.
  2734 | D:3      | Found a runed translucent gate.
  2736 | D:3      | Found a runed translucent gate.
  2745 | D:3      | Noticed qw's ghost (amateur MiFi)
  3061 | D:3      | 3061 ||| UPGRADING to +0 kite shield.
  3066 | D:3      | 3066 ||| READING scroll labelled TOGECZ RALO.
  3067 | D:3      | 3067 ||| READING 2 scrolls of identify.
  3067 | D:3      | 3067 ||| IDENTIFYING purple potion
  3068 | D:3      | 3068 ||| DROPPING potion of invisibility.
  3218 | D:4      | 3218 ||| Stepping ~*~*~tactically~*~*~ (stealth).
  3319 | D:4      | Reached skill level 1 in Shields
  3445 | D:4      | 3445 ||| Stepping ~*~*~tactically~*~*~ (stealth).
  3656 | D:4      | 3656 ||| Stepping ~*~*~tactically~*~*~ (stealth).
  3657 | D:4      | 3657 ||| Stepping ~*~*~tactically~*~*~ (stealth).
  3667 | D:4      | Reached skill level 3 in Shields
  3744 | D:4      | 3744 ||| SWAPPING to +0 war axe.
  3753 | D:4      | Reached XP level 7. HP: 41/43 MP: 7/7
  3766 | D:4      | 3766 ||| DROPPING +4 vorpal hand axe.
  3962 | D:4      | 3962 ||| UPGRADING to +0 helmet.
  3980 | D:5      | Entered Level 5 of the Dungeon
  4280 | D:5      | Reached *** piety under Trog
  4402 | D:5      | 4402 ||| INVOKING Berserk.
  4409 | D:5      | Reached skill level 6 in Shields
  4570 | D:5      | 4570 ||| Stepping ~*~*~tactically~*~*~ (stealth).
  4581 | D:5      | Found a staircase to the Ecumenical Temple.
  4582 | D:5      | 4582 ||| Stepping ~*~*~tactically~*~*~ (hiding).
  4585 | D:5      | 4585 ||| INVOKING Berserk.
  4588 | D:5      | Reached skill level 3 in Armour
  4588 | D:5      | Reached XP level 8. HP: 48/48 MP: 8/8
  4852 | D:5      | 4852 ||| Stepping ~*~*~tactically~*~*~ (stealth).
  4856 | D:5      | 4856 ||| Stepping ~*~*~tactically~*~*~ (stealth).
  4928 | D:5      | 4928 ||| FLEEEEING.
  4933 | D:5      | 4933 ||| FLEEEEING.
  4960 | D:5      | 4960 ||| FLEEEEING.
  5016 | D:5      | Noticed Grinder
  5017 | D:5      | 5017 ||| Stepping ~*~*~tactically~*~*~ (stealth).
  5020 | D:5      | 5020 ||| INVOKING Trog's Hand.
  5024 | D:5      | 5024 ||| Stepping ~*~*~tactically~*~*~ (hiding).
  5026 | D:5      | 5026 ||| INVOKING Berserk.
  5036 | D:5      | Killed Grinder
  5176 | D:5      | 5176 ||| Stepping ~*~*~tactically~*~*~ (stealth).
  5185 | D:5      | 5185 ||| Stepping ~*~*~tactically~*~*~ (stealth).
  5206 | D:5      | 5206 ||| Stepping ~*~*~tactically~*~*~ (stealth).
  5213 | D:5      | 5213 ||| Stepping ~*~*~tactically~*~*~ (stealth).
  5214 | D:5      | 5214 ||| Stepping ~*~*~tactically~*~*~ (stealth).
  5217 | D:5      | Reached skill level 7 in Axes
  5235 | D:5      | 5235 ||| Stepping ~*~*~tactically~*~*~ (stealth).
  5261 | D:5      | 5261 ||| Stepping ~*~*~tactically~*~*~ (stealth).
  5491 | D:5      | 5491 ||| Stepping ~*~*~tactically~*~*~ (stealth).
  5493 | D:5      | 5493 ||| Stepping ~*~*~tactically~*~*~ (stealth).
  5501 | D:5      | 5501 ||| INVOKING Berserk.
  5511 | D:5      | HP: 2/73 [ogre/+0 giant spiked club (24)]
  5513 | D:5      | 5513 ||| READING scroll of teleportation.
  5514 | D:5      | Slain by a rat

Levels and vault maps discovered:
D:1:      lightli_arrival_boilingwater, layout_basic,
          hellmonk_ecumenical_altar_prayer_group, hex_large
D:2:      layout_loops_ring, serial_shops, shop
D:3:      layout_basic, nicolae_ashenzari_skybound, lemuel_crystal_altar,
          ebering_ghost_rock_garden
D:4:      layout_basic
D:5:      lemuel_ratsnest, layout_loops_cross, minmay_temple_entry_proselytizer,
          uniq_grinder

Skill      XL: |  1  2  3  4  5  6  7  8 |
---------------+-------------------------+-----
Axes           | 3 4 5 6 7 |  7.0
Fighting       | 4 5 |  5.0
Shields        | 3 6 |  6.3
Armour         | 3 |  3.0
Throwing       | |  0.1
Dodging        | |  1.5

Action                   |  1- 3 |  4- 6 |  7- 9 || total
-------------------------+-------+-------+-------++-------
Melee: Hand axe          |    98 |   100 |       ||   198
       Punch             |       |     1 |       ||     1
       War axe           |       |     5 |   197 ||   202
Throw: Boomerang         |       |     1 |       ||     1
Invok: Berserk           |     4 |     2 |     4 ||    10
       Trog's Hand       |       |       |     1 ||     1
  Use: Scroll            |     3 |    10 |     1 ||    14
       Potion            |       |     1 |       ||     1
Armor: Animal skin       |     6 |       |       ||     6
       Chain mail        |    26 |    42 |   108 ||   176
Dodge: Dodged            |    36 |    33 |    45 ||   114
Block: Kite shield       |       |     9 |    71 ||    80

Table legend:
 A = Non-vault XP
 B = Vault XP
 C = Vault XP percentage of total XP
 D = Non-vault monster count
 E = Vault monster count
 F = Vault count percentage of total count
                 A         B        C        D         E       F
            +---------+---------+-------+---------+---------+-------
      Total |    1358 |     563 |  29.3 |     100 |      28 |  21.9
            +---------+---------+-------+---------+---------+-------
        D:1 |      35 |       1 |   2.8 |      12 |       1 |   7.7
        D:2 |      47 |       0 |   0.0 |      24 |       0 |   0.0
        D:3 |     345 |       0 |   0.0 |      26 |       0 |   0.0
        D:4 |     291 |       0 |   0.0 |      19 |       0 |   0.0
        D:5 |     640 |     562 |  46.8 |      19 |      27 |  58.7
            +---------+---------+-------+---------+---------+-------
